 Dungeon Crawl Stone Soup version 0.19-a0-503-g45a6586 (webtiles) character file.

79 st0uf the Charmwright (level 4, -8/37 HPs)
             Began as a Draconian Skald on June 5, 2016.
             Mangled by Sigmund
             ... wielding a +0 scythe
              (9 damage)
             ... on level 3 of the Dungeon.
             The game lasted 00:06:02 (1320 turns).

st0uf the Charmwright (Draconian Skald)             Turns: 1320, Time: 00:06:03

Health: -8/37      AC:  5    Str: 15    XL:     4   Next: 17%
Magic:  4/7        EV: 12    Int: 12    God:
Gold:   119        SH:  0    Dex: 11    Spells: 3 memorised, 2 levels left

rFire  . . .     SeeInvis .     a - +0 mace
rCold  . . .     Gourm    .     (armour unavailable)
rNeg   . . .     Faith    .     (no shield)
rPois  .         Spirit   .     (helmet restricted)
rElec  .         Dismiss  .     (no cloak)
rCorr  .         Reflect  .     (no gloves)
SustAt .         Harm     .     (no boots)
MR     .....                    (no amulet)
Stlth  +.........               (no ring)
                                (no ring)

@: infused (expiring), not resistant to hostile enchantments, very unstealthy
A: unfitting armour, cold-blooded, AC +5
a: no special abilities


You were on level 3 of the Dungeon.
You were not hungry.

You visited 1 branch of the dungeon, and saw 3 of its levels.

You collected 119 gold pieces.

Inventory:

Hand Weapons
 a - a +0 mace (weapon)
Wands
 j - a wand of flame (19/48)
Scrolls
 e - a scroll of remove curse {unknown}
 f - a scroll of recharging {unknown}
 g - 2 scrolls of enchant armour {unknown}
 k - a scroll of immolation {unknown}
 l - 2 scrolls of amnesia {unknown}
 m - a scroll of enchant weapon {unknown}
 n - a scroll of noise {unknown}
 p - a scroll of random uselessness {unknown}
 r - a scroll of identify {unknown}
Potions
 d - a potion of beneficial mutation {unknown}
 h - a potion of curing {unknown}
 s - a potion of brilliance {unknown}
Books
 b - a book of Battle

   Spells                             Type                      Level
   a - Infusion                       Charms                       1
   b - Shroud of Golubria             Charms/Translocation         2
   c - Song of Slaying                Charms                       2
   d - Spectral Weapon                Hexes/Charms                 3
   e - Regeneration                   Charms/Necromancy            3
Comestibles
 c - a bread ration
 i - a meat ration
 o - 2 beef jerkies
 q - a fruit


   Skills:
 + Level 2.9 Fighting
 + Level 2.4 Maces & Flails
 + Level 2.5 Dodging
 - Level 2.0 Spellcasting
 + Level 3.3 Charms


You had 2 spell levels left.
You knew the following spells:

 Your Spells              Type           Power        Failure   Level  Hunger
a - Infusion              Chrm           #...         10%         1    ##.....
b - Song of Slaying       Chrm           #.......     12%         2    ###....
c - Shroud of Golubria    Chrm/Tloc      #.........   21%         2    ###....


Dungeon Overview and Level Annotations

Branches:
Dungeon (3/15)

Altars:

Annotations:
D:3 Sigmund


Innate Abilities, Weirdness & Mutations

Your plain brown scales are hard. (AC +5)
Your body does not fit into most forms of armour.
You are cold-blooded and may be slowed by cold attacks.


Message History

You barely miss Sigmund. You tail-slap Sigmund.
Sigmund is heavily wounded.
Sigmund barely misses you.
You barely miss Sigmund.
Sigmund is heavily wounded.
You hit Sigmund.
Sigmund is heavily wounded.
Sigmund gestures wildly while chanting.
Sigmund flickers and vanishes!
Deactivating autopickup; reactivate with Ctrl-A.
Something hits you!
* * * LOW HITPOINT WARNING * * *
You closely miss something. You closely miss something.
Something hits you but does no damage.
You miss something.
Your magical infusion is running out.
Something hits you.
* * * LOW HITPOINT WARNING * * *
You barely miss something. Something hits you!
You die...

##### ....
#...## ###
..... ..#
...# #.# ..#
#.# #.# #.#
#.###.#
#@....#
###{#######.
#<..........
#.#......(..
#.#.........
#.#.#.#.#.##
#.#.#.#.# #
#.#.#.# #
#.#.#.#


There were no monsters in sight!

Vanquished Creatures
  Robin (D:2)
  A gnoll (D:1)
  A worm (D:2)
  3 giant geckos
  A ball python (D:2)
  3 giant cockroaches (D:1)
  16 goblins
  7 hobgoblins
  2 jackals (D:1)
  5 bats
  4 giant newts (D:2)
  5 kobolds
  2 rats (D:2)
51 creatures vanquished.

Vanquished Creatures (others)
  4 toadstools (D:1)
4 creatures vanquished.

Grand Total: 55 creatures vanquished

Notes
Turn   | Place    | Note
--------------------------------------------------------------
     0 | D:1      | st0uf the Draconian Skald began the quest for the Orb.
     0 | D:1      | Reached XP level 1. HP: 17/17 MP: 3/3
   160 | D:1      | Reached skill level 3 in Charms
   164 | D:1      | Reached XP level 2. HP: 23/25 MP: 1/5
   306 | D:1      | Reached XP level 3. HP: 29/30 MP: 6/6
   888 | D:2      | Noticed Robin
   970 | D:2      | Killed Robin
   970 | D:2      | Reached XP level 4. HP: 37/37 MP: 2/7
  1078 | D:3      | Noticed Sigmund
  1282 | D:2      | Learned a level 2 spell: Song of Slaying
  1285 | D:2      | Learned a level 2 spell: Shroud of Golubria
  1319 | D:3      | HP: 1/37 [something (5)]
  1320 | D:3      | Mangled by Sigmund

Vault maps used:
D:1:      ldierk_water_garden
D:2:      kennysheep_big_flooded_room, uniq_robin
D:3:      old_standard_altar, uniq_iyjb, uniq_sigmund

Skill      XL: |  1  2  3 |
---------------+----------+-----
Charms         | 3 |  3.3
Dodging        | 2 |  2.5
Fighting       | |  2.9
Maces & Flails | |  2.4
Spellcasting   | |  2.0

Action                   |  1- 3 |  4- 6 || total
-------------------------+-------+-------++-------
Melee: Mace              |   107 |    28 ||   135
       Tailslap          |    10 |     3 ||    13
 Cast: Infusion          |     8 |     3 ||    11
       Shroud of Golubri |       |     1 ||     1
 Stab: Sleeping          |     1 |       ||     1
  Eat: Chunk             |     1 |     1 ||     2
Armor: Skin              |    31 |     3 ||    34
Dodge: Dodged            |    65 |    20 ||    85
